Map: Bridgehead LE (Void)

Players

Raistlin - Winner!

  • Race: Protoss Protoss
  • League: Grandmaster

Reason - Winner!

  • Race: Protoss Protoss
  • League: Grandmaster

iQuitBYE

  • Race: Protoss Protoss
  • League: Grandmaster

MoonLjth

  • Race: Protoss Protoss
  • League: Platinum

VOD

Have the link to the VOD?

Description

Time

  • Played on: Oct. 2, 2015, 7:32 p.m.
  • Length: 4:59
Show
View Real Time Build Order
Export as new Build Order

Raistlin Protoss - Winner!

Build Orders: Dark Templar Rush 

Get SALT Encoding   

  12  0:01  Probe (Chrono Boost)  
  13  0:11  Probe (Chrono Boost)  
  14  0:17  Pylon  
  14  0:22  Probe (Chrono Boost)  
  15  0:36  Probe (Chrono Boost)  
  15  0:38  Gateway  
  16  0:46  Probe (Chrono Boost)  
  18  0:57  Probe (Chrono Boost), Assimilator  
  18  0:59  Assimilator  
  18  1:07  Probe (Chrono Boost)  
  18  1:09  Pylon  
  19  1:18  Probe (Chrono Boost)  
  20  1:28  Cybernetics Core  
  20  1:29  Probe (Chrono Boost)  
  21  1:39  Probe (Chrono Boost)  
  22  1:40  Zealot (Chrono Boost)  
  24  1:51  Probe  
  25  2:05  Stalker (Chrono Boost)  
  25  2:07  Mothership Core  
  29  2:09  Warp Gate  
  29  2:15  Pylon  
  29  2:28  Probe  
  30  2:34  Stalker (Chrono Boost)  
  32  2:37  Twilight Council  
  32  2:45  Probe  
  31  3:00  Stalker (Chrono Boost)  
  31  3:01  Probe  
  32  3:21  Gateway  
  32  3:23  Gateway  
  32  3:35  Stalker  
  34  3:47  Pylon  
  34  3:56  Dark Shrine  
  34  4:05  Gateway  
  34  4:21  Stalker  
  34  4:22  Stalker x2  
  40  4:29  Pylon  
  38  4:37  Pylon  
  36  4:47  Pylon  
  36  4:54  Robotics Facility  
Show
View Real Time Build Order
Export as new Build Order

Reason Protoss - Winner!

Build Orders: 1 Gate Expand 

Get SALT Encoding   

  12  0:01  Probe (Chrono Boost)  
  13  0:13  Pylon  
  13  0:17  Probe (Chrono Boost)  
  14  0:28  Probe (Chrono Boost)  
  15  0:33  Gateway  
  15  0:38  Probe (Chrono Boost)  
  16  0:49  Probe (Chrono Boost)  
  17  0:59  Probe (Chrono Boost)  
  18  1:12  Nexus  
  18  1:20  Assimilator  
  18  1:22  Assimilator  
  18  1:26  Probe (Chrono Boost)  
  19  1:35  Pylon  
  19  1:36  Probe (Chrono Boost)  
  20  1:46  Cybernetics Core  
  20  1:53  Probe (Chrono Boost)  
  21  1:55  Pylon  
  21  2:04  Probe (Chrono Boost)  
  22  2:15  Probe (Chrono Boost)  
  23  2:25  Probe (Chrono Boost)  
  23  2:26  Warp Gate  
  23  2:28  Adept  
  26  2:30  Mothership Core (Chrono Boost)  
  26  2:36  Probe (Chrono Boost)  
  29  2:46  Probe (Chrono Boost)  
  29  2:50  Probe (Chrono Boost)  
  31  2:57  Probe (Chrono Boost)  
  32  3:02  Probe (Chrono Boost)  
  33  3:07  Probe (Chrono Boost)  
  33  3:11  Stalker  
  33  3:12  Twilight Council  
  35  3:14  Probe (Chrono Boost)  
  35  3:18  Probe (Chrono Boost)  
  38  3:26  Probe (Chrono Boost)  
  39  3:28  Probe (Chrono Boost)  
  39  3:29  Gateway  
  38  3:38  Probe (Chrono Boost)  
  38  3:44  Stalker  
  37  3:55  Pylon  
  36  3:56  Probe (Chrono Boost)  
  32  4:03  Gateway  
  32  4:04  Gateway  
  32  4:07  Probe (Chrono Boost)  
  33  4:12  Probe (Chrono Boost)  
  33  4:17  Probe (Chrono Boost)  
  33  4:21  Pylon  
  33  4:24  Probe (Chrono Boost)  
  33  4:25  Dark Shrine  
  31  4:37  Probe (Chrono Boost)  
  32  4:40  Probe (Chrono Boost)  
  32  4:41  Stalker  
  32  4:44  Zealot  
  28  4:57  Pylon  
Show
View Real Time Build Order
Export as new Build Order

iQuitBYE Protoss 

Build Orders:  

Get SALT Encoding   

Show
View Real Time Build Order
Export as new Build Order

MoonLjth Protoss 

Build Orders:  

Get SALT Encoding   

Tags
 
Add a new tag
Caveats
  • Supply blocks, unpowered buildings, or Contaminate may cause inaccurate times.
  • Supply counts are checked every 10 seconds.